AoeStats
← 鹤锦

Lombardia

508219018Analyzed
3v3 RM · 10d ago on Sep 21, 2026· 60m 33s· 6 players
Game mode
Random Map
Map size
Normal (6 player)
Population
200
Speed
Normal
Resources
Standard
Victory
Conquest
Starting age
Dark Age
Ending age
Imperial Age
RankedLock teamsTeams togetherTeam positionsShared explorationLock speedFull tech treeHidden civsTurbo modeCheats
Victory
Defeat
🇨🇳 Spanish · China
758
+16
749
+16
🇨🇳 Poles · China
672
+19
🇫🇷 Franks · France
756
-17
🇫🇷 Hindustanis · France
740
-17
🇫🇷 Tupi · France
740
-17
tonin83w
10:23 Feudal Age
14:38 Castle Age
16:49 Double-Bit Axe
26:54 Loom
32:22 Imperial Age
30:15 Town Watch
31:08 Wheelbarrow
30:35 Gold Mining
32:15 Scale Barding Armor
32:21 Forging
32:12 Padded Archer Armor
32:13 Scale Mail Armor
32:49 Husbandry
32:37 Elite Throwing Axeman
33:57 Hand Cart
35:31 Bow Saw
34:51 Cavalier
36:02 Conscription
36:08 #83
36:44 Gold Shaft Mining
36:32 Caravan
38:02 Paladin
40:25 Chain Barding Armor
40:40 Iron Casting
40:21 Leather Archer Armor
40:22 Chain Mail Armor
43:23 Ballistics
44:03 Chemistry
47:53 Plate Barding Armor
48:19 Blast Furnace
BakalaStapS
10:50 Feudal Age
11:31 Horse Collar
11:49 Double-Bit Axe
15:00 Wheelbarrow
16:33 Gold Mining
19:07 Scale Barding Armor
19:25 Forging
23:11 Castle Age
22:19 Stone Mining
24:32 Hand Cart
28:14 Caravan
28:46 Coinage
28:47 Bow Saw
33:08 Imperial Age
31:27 Husbandry
31:38 Bloodlines
33:35 Heavy Camel Rider
34:55 Iron Casting
36:16 Chemistry
44:07 Imperial Camel Rider
antoine2acorse
10:54 Feudal Age
11:28 Double-Bit Axe
11:26 Horse Collar
12:01 Loom
18:20 Stone Mining
19:32 Gold Mining
23:50 Castle Age
22:05 Scale Mail Armor
23:44 Forging
25:28 Squires
26:58 Pikeman
35:06 Iron Casting
34:24 Fletching
34:35 Padded Archer Armor
35:04 Bow Saw
34:57 Heavy Plow
39:24 Leather Archer Armor
39:05 Bodkin Arrow
42:35 Chain Mail Armor
42:56 Iron Casting
43:00 Gold Shaft Mining
48:33 Imperial Age
49:26 Halberdier
51:10 Plate Mail Armor
我想做个好人
11:35 Feudal Age
11:15 Double-Bit Axe
11:15 Horse Collar
12:58 Bow Saw
12:51 Heavy Plow
12:46 Loom
19:07 Castle Age
18:40 Forging
21:23 Iron Casting
20:55 Scale Barding Armor
21:34 Gold Mining
22:02 Cavalier
22:43 Husbandry
25:32 Two-Man Saw
31:49 Imperial Age
30:55 Wheelbarrow
31:22 Crop Rotation
32:59 Hand Cart
33:35 Paladin
34:11 Town Watch
38:02 Blast Furnace
37:24 Chain Barding Armor
41:32 Plate Barding Armor
41:57 Gold Shaft Mining
43:57 Herbal Medicine
45:25 Scale Mail Armor
46:09 Burgundian Vineyards
47:39 Capped Ram
54:40 Chain Mail Armor
鹤锦
10:19 Feudal Age
10:47 Horse Collar
10:58 Double-Bit Axe
19:49 Castle Age
18:54 Stone Mining
18:56 Gold Mining
21:43 Bow Saw
21:56 Heavy Plow
23:14 Wheelbarrow
27:33 Imperial Age
26:53 Husbandry
27:05 Bloodlines
28:06 Hand Cart
31:35 Two-Man Saw
30:43 Elite Conquistador
32:25 Coinage
32:02 Caravan
39:56 Conscription
48:08 Chemistry
47:29 Ballistics
石头哥
12:36 Feudal Age
13:03 Double-Bit Axe
15:59 Gold Mining
18:52 Castle Age
21:27 Bow Saw
21:32 Stone Mining
21:27 Horse Collar
25:40 Stone Shaft Mining
29:50 Heavy Plow
30:36 Scale Barding Armor
30:41 Forging
32:37 Bloodlines
35:08 Imperial Age
33:09 Szlachta Privileges
33:17 Husbandry
32:40 Light Cavalry
34:02 Iron Casting
33:48 Chain Barding Armor
34:16 Wheelbarrow
35:26 Winged Hussar
38:19 Blast Furnace
37:47 Conscription
39:42 Capped Ram
59:29 Spies/Treason
Connection lost

Rejoining the realm…

Still unreachable

The connection could not be restored.

Session expired

The server has moved on; the page needs a fresh start.